 Dungeon Crawl Stone Soup version 0.31-a0-875-g02e7d12df6 (webtiles) character file.

Game seed: 4449488511585973041

548 lunkers the Martial Artist (level 7, -1/52 HPs)
             Began as a Meteoran Shapeshifter on Oct 12, 2023.
             Was a Follower of Makhleb.
             Succumbed to a scorpion's poison
             ... on level 5 of the Dungeon.
             The game lasted 00:05:01 (1549 turns).

lunkers the Martial Artist (Meteoran Shapeshifter)  Turns: 1549, Time: 00:05:02

Health: -1/52      AC:  2    Str: 15    XL:     7   Next: 84%
Magic:  8/8        EV: 12    Int: 11    God:    Makhleb [*.....]
Gold:   191        SH:  0    Dex: 17    Spells: 6/6 levels left

rFire   . .          .
                       - Unarmed
rCold   . . .        (no shield)
rNeg    . . .        a - +0 animal skin
rPois   .            (helmet currently unavailable)
rElec   .            (cloak currently unavailable)
rCorr   .            (gloves currently unavailable)
SInv    .            (boots currently unavailable)
Will    .....        (no amulet)
Stlth   +            (no ring)
HPRegen 0.28/turn    (no ring)
MPRegen 0.11/turn

%: no passive effects
@: lethally poisoned (-1 -> -5), beast-form, glowing
A: beast (slay +3), sense surroundings 1, otherworldly, glowing, explore regen
a: Begin Untransformation, Renounce Religion


You were on level 5 of the Dungeon.
You worshipped Makhleb.
Makhleb was aware of your devotion.
You were a hulking beast.
You visited 1 branch of the dungeon, and saw 5 of its levels.

You collected 191 gold pieces.

Inventory:

Armour
 a - a +0 animal skin (worn)
 i - a +0 helmet
Talismans
 c - a beast talisman (active)
 d - a flux talisman
Scrolls
 b - a scroll of silence {unknown}
 e - 2 scrolls of identify {unknown}
 j - a scroll of fear {unknown}
 m - a scroll of summoning {unknown}
 n - a scroll of vulnerability {unknown}
 p - a scroll of enchant armour {unknown}
Potions
 f - a potion of ambrosia {unknown}
 g - a potion of mutation {unknown}
 h - a potion of degeneration {unknown}
 k - 2 potions of haste {unknown}
 l - 2 potions of might {unknown}
 o - 2 potions of curing {unknown}


   Skills:
 - Level 1.1 Fighting
 - Level 2.1 Dodging
 * Level 8.2 Unarmed Combat
 + Level 6.0 Shapeshifting


You had 6 spell levels left.
You didn't know any spells.
Your spell library contained the following spells:

 Spells                   Type           Power      Damage    Failure   Level
 Slow                     Hex            0%         N/A       34%         1
 Confusing Touch          Hex            0%         N/A       71%         3
 Sigil of Binding         Hex            0%         N/A       71%         3
 Tukima's Dance           Hex            0%         N/A       71%         3
 Vampiric Draining        Necr           0%         2d6       71%         3
 Passage of Golubria      Tloc           0%         N/A       98%         4
 Yara's Violent Unravell  Hex/Tmut       0%         3d3       100%        5


Dungeon Overview and Level Annotations

Branches:
Dungeon (5/15) Zot: 1469   Temple (0/1) D:5

Altars:
Makhleb


Innate Abilities, Weirdness & Mutations

You are a hulking beast.
Your limbs bulge with bestial killing power. (Slay +3)
You passively map a small area around you.
You are easily found by Zot.
You glow in the dark.
You regain HP and MP as you explore.


Message History

* * * LOW HITPOINT WARNING * * *
You are poisoned.
The scorpion poisons you!
You hit the scorpion.
The scorpion is severely wounded.
You feel very sick. The scorpion stings you.
* * * LOW HITPOINT WARNING * * *
You are lethally poisoned!
The scorpion poisons you!
You hit the scorpion.
The scorpion is severely wounded.
* * * LOW HITPOINT WARNING * * *
You feel very sick. The scorpion stings you.
* * * LOW HITPOINT WARNING * * *
You hit the scorpion.
The scorpion is severely wounded.
* * * LOW HITPOINT WARNING * * *
You feel sick. The scorpion misses you.
You hit the scorpion but do no damage.
The scorpion is severely wounded.
* * * LOW HITPOINT WARNING * * *
You feel sick. The scorpion barely misses you.
You hit the scorpion. Your punch misses the scorpion.
The scorpion is almost dead.
* * * LOW HITPOINT WARNING * * *
You feel sick. The scorpion misses you.
Okay, then.
You punch the scorpion!
You kill the scorpion!
Makhleb accepts your kill.
* * * LOW HITPOINT WARNING * * *
You feel sick.
Your Shapeshifting skill increases to level 6!
Unknown command.
* * * LOW HITPOINT WARNING * * *
You feel sick.
Okay, then.
You die...

*> , .... , , .##...* ,,* *
......* * *, , #.....#*
######### # .J...s. #.......#
# ....... #.......# #
.......###.......###########
,
,........J'.h.....†..........
....######.......####....###
* . * #.....### #.......
#.....# #....### * * * *
#.....# #.#### # #.....# #.#
# , #.....# #.# # * #.....#
#.# # * ####### #.# #


You could see a jelly.

Vanquished Creatures
  An ogre (D:4)
  A bullfrog (D:4)
  2 scorpions (D:5)
  4 hounds
  An orc wizard (D:3)
  A gnoll (D:3)
  6 adders
  2 worms (D:2)
  3 dart slugs
  4 orcs
  3 ball pythons
  8 endoplasms
  A giant cockroach (D:3)
  A goblin (D:4)
  4 hobgoblins
  3 jackals (D:3)
  3 kobolds
  A quokka (D:1)
  6 bats
  A frilled lizard (D:3)
  8 rats
64 creatures vanquished.

Notes
Turn   | Place    | Note
-------+----------+-------------------------------------------
     0 | D:1      | lunkers the Meteoran Shapeshifter began the quest for the
                  | Orb.
     0 | D:1      | Reached XP level 1. HP: 16/16 MP: 2/2
    74 | D:1      | Reached XP level 2. HP: 23/23 MP: 3/3
    78 | D:1      | Reached skill level 4 in Unarmed Combat
   275 | D:1      | Reached XP level 3. HP: 24/28 MP: 4/4
   469 | D:2      | Reached XP level 4. HP: 12/35 MP: 5/5
   474 | D:2      | Reached skill level 5 in Unarmed Combat
   650 | D:3      | Reached XP level 5. HP: 6/40 MP: 6/6
   652 | D:3      | Reached skill level 6 in Unarmed Combat
   788 | D:3      | Reached XP level 6. HP: 17/47 MP: 7/7
   819 | D:3      | Reached skill level 5 in Shapeshifting
   832 | D:3      | Found a faded altar of an unknown god.
   860 | D:3      | Prayed at the altar of an unknown god.
   860 | D:3      | Became a worshipper of Makhleb the Destroyer
   860 | D:3      | Reached * piety under Makhleb
  1070 | D:4      | Reached skill level 7 in Unarmed Combat
  1211 | D:4      | Noticed an ogre
  1217 | D:4      | Killed an ogre
  1218 | D:4      | Reached XP level 7. HP: 20/52 MP: 8/8
  1456 | D:5      | Entered Level 5 of the Dungeon
  1520 | D:5      | Reached skill level 8 in Unarmed Combat
  1547 | D:5      | HP: 2/52 [poisoned by a scorpion]
  1549 | D:5      | Succumbed to a scorpion's poison

Illustrated notes

Levels and vault maps discovered:
D:1:      dpeg_arrival_round_a, layout_loops_ring, st_stairs_2,
          minmay_misc_feat_x
D:2:      layout_rooms
D:3:      layout_basic, hellmonk_ecumenical_altar_pennies_from_heaven,
          kennysheep_flooded_box, cheibrodos_gnoll_hut
D:4:      layout_basic
D:5:      layout_basic, temple_hall, hangedman_decor_peaks_small,
          kennysheep_generic_room_9

Skill      XL: |  1  2  3  4  5  6  7 |
---------------+----------------------+-----
Unarmed Combat | 4 5 6 7 8 |  8.2
Shapeshifting  | 4 5 6 |  6.0
Fighting       | |  1.1
Dodging        | |  2.1

Action                     |  1- 3 |  4- 6 |  7- 9 || total
---------------------------+-------+-------+-------++-------
  Melee: Unarmed           |    57 |    78 |    47 ||   182
         Punch             |     1 |     6 |     4 ||    11
    Use: Potion            |       |     1 |       ||     1
 Armour: Animal skin       |    30 |    45 |    22 ||    97
         Skin              |       |    25 |       ||    25
  Dodge: Dodged            |    33 |    58 |    29 ||   120

Table legend: (Time is in decaauts)
 A = Elapsed time spent in this place.
 B = Non-inter-level travel time spent in this place.
 C = Inter-level travel time spent in this place.
 D = Time resting spent in this place.
 E = Time spent auto-exploring this place.
 F = Levels seen in this place.
 G = Mean time per level.
                   A        B        C        D        E       F      G
               +--------+--------+--------+--------+--------+-----+--------+
         Total |   1530 |   1454 |     76 |     26 |   1050 |   5 |  306.0 |
       Dungeon |   1530 |   1454 |     76 |     26 |   1050 |   5 |  306.0 |
               +--------+--------+--------+--------+--------+-----+--------+

Top non-repeatable levels by time:
     D:4: 444 daAuts
     D:3: 414 daAuts
     D:1: 388 daAuts
     D:2: 194 daAuts
     D:5: 88 daAuts
